Map: 宿怨战场-天梯版

Players

RAIL

  • Race: Protoss Protoss

INnoVation - Winner!

  • Race: Terran Terran
  • League: Diamond

Event: WESG 2018 Grand Finals

VOD

Have the link to the VOD?

Description

Time

  • Played on: March 14, 2019, 2:50 a.m.
  • Length: 5:47

All games in this series

Show
View Real Time Build Order
Export as new Build Order

RAIL Protoss 

Build Orders: 1 Gate Expand, Oracle Opening, Phoenix Opening 

Get SALT Encoding   

  12  0:01  Probe  
  13  0:13  Probe  
  14  0:17  Pylon  
  14  0:25  Probe  
  15  0:33  Probe  
  15  0:36  Gateway  
  15  0:41  Probe  
  16  0:46  Assimilator  
  17  0:52  Probe  
  18  1:04  Probe  
  19  1:16  Probe  
  20  1:22  Nexus  
  20  1:30  Cybernetics Core  
  20  1:33  Probe  
  20  1:38  Assimilator  
  21  1:45  Probe  
  22  1:49  Pylon  
  22  1:57  Stalker  
  22  1:58  Probe  
  23  2:07  Warp Gate  
  25  2:10  Probe  
  26  2:20  Adept  
  26  2:23  Probe  
  29  2:32  Stargate  
  29  2:35  Probe  
  30  2:37  Probe  
  31  2:46  Adept  
  31  2:48  Probe  
  31  2:49  Probe  
  34  2:57  Probe  
  35  3:00  Probe  
  37  3:07  Oracle  
  37  3:10  Probe  
  37  3:12  Probe  
  39  3:19  Pylon  
  42  3:22  Probe  
  42  3:24  Probe  
  44  3:27  Gateway  
  44  3:29  Gateway  
  44  3:34  Probe  
  45  3:40  Probe  
  46  3:44  Pylon, Phoenix  
  46  3:46  Probe  
  49  3:52  Probe  
  49  3:53  Twilight Council  
  50  3:59  Forge  
  50  4:01  Resonating Glaives  
  50  4:08  Probe  
  51  4:13  Probe  
  52  4:24  Nexus  
  52  4:26  Pylon  
  52  4:33  Adept  
  52  4:35  Probe x2  
  52  4:37  Assimilator  
  56  4:44  Sentry, Gateway  
  56  4:45  Gateway  
  58  4:48  Adept  
  60  4:54  Pylon  
  60  4:57  Gateway  
  60  4:58  Adept  
  59  5:10  Stalker  
  60  5:15  Adept  
  60  5:16  Probe x2  
  64  5:26  Adept  
  64  5:30  Probe  
  64  5:33  Gateway  
  65  5:38  Adept x3  
Show
View Real Time Build Order
Export as new Build Order

INnoVation Terran - Winner!

Build Orders: Reaper Expand 

Get SALT Encoding   

  12  0:00  SCV  
  13  0:12  SCV  
  14  0:17  Supply Depot  
  14  0:25  SCV  
  15  0:38  SCV  
  15  0:39  Barracks  
  16  0:43  Refinery  
  16  0:50  SCV  
  17  1:02  SCV  
  18  1:14  SCV  
  19  1:26  Reaper, Orbital Command  
  20  1:41  Command Center  
  20  1:52  SCV  
  21  1:55  Supply Depot  
  21  1:59  Barracks Reactor  
  21  2:02  Refinery  
  21  2:05  SCV  
  22  2:17  SCV  
  22  2:20  Factory  
  23  2:29  SCV  
  24  2:34  Marine  
  24  2:35  Marine  
  26  2:41  SCV  
  27  2:52  Marine x2  
  27  2:53  Orbital Command, SCV  
  30  3:03  Factory Tech Lab  
  30  3:04  Starport  
  30  3:05  SCV  
  31  3:10  Marine x2  
  33  3:17  SCV  
  33  3:19  SCV  
  35  3:22  Cyclone  
  35  3:24  Supply Depot  
  38  3:28  Marine x2  
  38  3:31  SCV  
  38  3:32  SCV  
  42  3:40  Viking  
  44  3:46  Marine x2  
  44  3:48  Supply Depot, SCV x2  
  48  3:54  Siege Tank  
  51  3:59  Supply Depot  
  51  4:04  Marine x2, SCV  
  51  4:09  SCV  
  55  4:11  Supply Depot  
  55  4:14  Viking  
  56  4:18  SCV  
  56  4:21  Marine x2  
  56  4:22  SCV  
  60  4:26  Siege Tank  
  63  4:31  SCV  
  63  4:33  Supply Depot  
  63  4:34  SCV  
  65  4:39  Marine x2  
  65  4:44  Viking  
  69  4:47  SCV x2  
  71  4:56  Supply Depot  
  71  4:57  Marine x2  
  71  4:59  Siege Tank  
  76  5:01  SCV x2  
  78  5:13  SCV x2  
  80  5:15  Marine x2  
  80  5:16  Viking  
  80  5:19  Barracks  
  80  5:20  Barracks  
  82  5:28  Bunker  
  82  5:30  Bunker x2  
  82  5:34  SCV x2  
Tags
 
Add a new tag
Caveats
  • Supply blocks, unpowered buildings, or Contaminate may cause inaccurate times.
  • Supply counts are checked every 10 seconds.